 Dungeon Crawl Stone Soup version 0.25.1-1-g288607f5aa (webtiles) character file.

Game seed: 17457083490698095043

39 protoss039 the Digger (level 3, 0/19 HPs)
             Began as a Deep Elf Earth Elementalist on July 21, 2020.
             Slain by Natasha (7 damage)
             ... on level 2 of the Dungeon.
             The game lasted 00:01:52 (1344 turns).

protoss039 the Digger (Deep Elf Earth Elementalist) Turns: 1344, Time: 00:01:52

Health: 0/19       AC:  2    Str:  5    XL:     3   Next: 28%
Magic:  2/10       EV: 13    Int: 20    God:
Gold:   65         SH:  0    Dex: 15    Spells: 3/9 levels left

rFire    . . .     SeeInvis .   l - +0 short sword
rCold    . . .     Gourm    .   (no shield)
rNeg     . . .     Faith    .   c - +0 robe
rPois    .         Spirit   .   (no helmet)
rElec    .         Reflect  .   (no cloak)
rCorr    .         Harm     .   (no gloves)
MR       .....                  (no boots)
Stlth    ++........             (no amulet)
HPRegen  0.06/turn              (no ring)
MPRegen  0.12/turn              (no ring)

@: no status effects
A: no striking features
a: no special abilities


You were on level 2 of the Dungeon.
You were not hungry.

You visited 1 branch of the dungeon, and saw 2 of its levels.

You collected 65 gold pieces.

Inventory:

Hand Weapons
 l - a +0 short sword (weapon)
Missiles
 b - 10 stones (quivered)
Armour
 c - a +0 robe (worn)
Scrolls
 e - 2 scrolls of teleportation {unknown}
 f - 2 scrolls of remove curse {unknown}
 h - 2 scrolls of identify {unknown}
 i - a scroll of enchant armour {unknown}
Potions
 a - a potion of brilliance {unknown}
 g - a potion of magic {unknown}
 j - a potion of lignification {unknown}
Comestibles
 d - 2 rations
 k - 4 chunks of flesh


   Skills:
 * Level 2.9 Dodging
 - Level 3.0 Stealth
 + Level 3.7 Spellcasting
 + Level 1.1 Transmutations
 + Level 3.9 Earth Magic


You had 3 spell levels left.
You knew the following spells:

 Your Spells              Type           Power        Failure   Level  Hunger
a - Sandblast             Erth           ###...       2%          1    None
b - Passwall              Tmut/Erth      ##......     7%          2    ##.....
c - Stone Arrow           Conj/Erth      ##....       17%         3    ###....

Your spell library contained the following spells:

 Spells                   Type           Power        Failure   Level  Hunger
 Petrify                  Tmut/Erth      ##......     43%         4    ####...
 Lee's Rapid Deconstruct  Erth           ###.......   58%         5    ######.


Dungeon Overview and Level Annotations

Branches:
Dungeon (2/15)

Altars:

Annotations:
D:2 1 runed translucent door, Crazy Yiuf, Natasha


Message History

b - 11 stones Unknown command.
Unknown command.
Unknown command.
Casting: Sandblast (safe; 2% risk of failure)
Confirm with . or Enter, or press ? or * to list all spells.
The spell is extremely dangerous to cast (17% risk of failure)!
Continue anyway?
Aiming: Stone Arrow (extremely dangerous; 17% risk of failure)
Press: ? - help, Shift-Dir - straight line, f - Natasha
Aim: Natasha The stone arrow misses Natasha.
Casting: Stone Arrow (extremely dangerous; 17% risk of failure)
Confirm with . or Enter, or press ? or * to list all spells.
Aiming: Sandblast (safe; 2% risk of failure)
Press: ? - help, Shift-Dir - straight line, f/p - Natasha
Aim: Natasha The blast of sand misses Natasha.
b - 10 stones Natasha claws you!
You die...

##.#>......#
.................####
....................
.........!........# #
..................###.#
....... #..........).#
....... ###..#####.###
#...###....# ..#
#...†h@.#[## ..##
..............# .##
.................
...######........ ..
#....!###.. . .......#
. #######... ###


You could see Natasha.

Vanquished Creatures
  Natasha (D:2)
  A worm (D:2)
  A giant cockroach (D:1)
  A hobgoblin (D:1)
  2 kobolds
  A quokka (D:2)
  3 goblins
  5 rats
15 creatures vanquished.

Notes
Turn   | Place    | Note
-------+----------+-------------------------------------------
     0 | D:1      | protoss039 the Deep Elf Earth Elementalist began the quest
                  | for the Orb.
     0 | D:1      | Reached XP level 1. HP: 10/10 MP: 6/6
  1165 | D:1      | Reached XP level 2. HP: 15/15 MP: 6/8
  1226 | D:2      | Noticed Natasha
  1230 | D:2      | Killed Natasha
  1230 | D:2      | Reached XP level 3. HP: 19/19 MP: 8/10
  1258 | D:2      | Learned a level 2 spell: Passwall
  1262 | D:2      | Learned a level 3 spell: Stone Arrow
  1275 | D:2      | Found a runed translucent door.
  1276 | D:2      | Noticed Crazy Yiuf
  1337 | D:2      | Noticed Natasha
  1344 | D:2      | Slain by Natasha

Illustrated notes

Levels and vault maps discovered:
D:1:      dpeg_arrival_lava_altar, layout_basic, palyth_stone_intersect
D:2:      layout_rooms, chequers_ecumenical_altar_simple_redux, st_stairs_5,
          uniq_crazy_yiuf_cottage, uniq_natasha

Skill      XL: |  1  2 |
---------------+-------+-----
Stealth        | 3 |  3.0
Dodging        | |  2.9
Spellcasting   | |  3.7
Transmutations | |  1.1
Earth Magic    | |  3.9

Action                   || total
-------------------------++-------
Melee: Unarmed           ||     7
       Short sword       ||     7
 Cast: Sandblast         ||    25
       Stone Arrow       ||     2
 Stab: Sleeping          ||     4
  Eat: Chunk             ||     1
Armor: Robe              ||     2
Dodge: Dodged            ||    18
